 Dungeon Crawl Stone Soup version 0.31-a0-667-g39726597b9 (webtiles) character file.

Game seed: 5001058092943967063

49 SmokeWeed the Sneak (level 3, -2/24 HPs)
             Began as an Octopode Brigand on Sept 4, 2023.
             Slain by a kobold
             ... wielding a +0 dagger
              (4 damage)
             ... on level 2 of the Dungeon.
             The game lasted 00:02:27 (1017 turns).

SmokeWeed the Sneak (Octopode Brigand)              Turns: 1017, Time: 00:02:28

Health: -2/24      AC:  1    Str: 10    XL:     3   Next: 77%
Magic:  3/3        EV: 12    Int: 13    God:
Gold:   44         SH:  0    Dex: 15    Spells: 2/2 levels left

rFire   . . .        m - +0 short sword (speed)
rCold   . . .        (no shield)
rNeg    . . .        (helmet restricted)
rPois   +            (no amulet)
rElec   .            e - ring of poison resistance
rCorr   .            (no ring)
SInv    .            (no ring)
Will    .....        (no ring)
Stlth   ++++         (no ring)
HPRegen 0.24/turn    (no ring)
MPRegen 0.08/turn    (no ring)
                     (no ring)

%: no passive effects
@: lethally poisoned (-2 -> -3)
A: almost no armour, amphibious, 8 rings, camouflage 1, gelatinous body 1,
(nimble swimmer 1), tentacles
a: no special abilities


You were on level 2 of the Dungeon.
You visited 1 branch of the dungeon, and saw 2 of its levels.

You collected 44 gold pieces.

Inventory:

Hand Weapons
 a - a +2 dagger
 m - a +0 short sword of speed (weapon)
Missiles
 b - 9 poisoned darts (quivered)
 c - 3 curare-tipped darts
 n - 4 datura-tipped darts
Jewellery
 e - a ring of poison resistance (left tentacle)
Talismans
 j - a storm talisman
 o - a maw talisman
Scrolls
 g - a scroll of fear
 h - a scroll of teleportation {unknown}
Potions
 d - 2 potions of enlightenment {unknown}
 f - a potion of degeneration {unknown}
 i - a potion of heal wounds {unknown}
 k - a potion of attraction {unknown}
 l - a potion of berserk rage {unknown}


   Skills:
 + Level 2.2 Fighting
 + Level 2.1 Short Blades
 + Level 2.2 Throwing
 + Level 1.0 Dodging
 + Level 6.8 Stealth


You had 2 spell levels left.
You didn't know any spells.
Your spell library contained the following spells:

 Spells                   Type           Power      Damage    Failure   Level
 Blink                    Tloc           0%         N/A       43%         2
 Lesser Beckoning         Tloc           0%         N/A       43%         2
 Momentum Strike          Conj/Tloc      0%         3d8       43%         2


Dungeon Overview and Level Annotations

Branches:
Dungeon (2/15)

Altars:


Innate Abilities, Weirdness & Mutations

You cannot wear most types of armour.
You are amphibious.
You can wear up to eight rings at the same time.
Your skin changes colour to match your surroundings (Stealth+).
Your rubbery body absorbs attacks. (AC +1, EV +1)
((You are camouflaged when in or above water. (Stealth+)))
You have tentacles for arms and can constrict up to eight enemies at once.


Message History

The hobgoblin shouts!
The adder hisses angrily.
The hobgoblin shouts!
The hobgoblin hits you.
You barely miss the hobgoblin. Your grab misses the hobgoblin.
The hobgoblin closely misses you.
You hit the hobgoblin but do no damage. You grab the hobgoblin.
You constrict the hobgoblin, but do no damage.
The hobgoblin completely misses you. The hobgoblin misses you.
You barely miss the adder. You grab the adder. You constrict the hobgoblin.
You constrict the adder. The adder closely misses you.
You barely miss the hobgoblin.
The hobgoblin is moderately wounded.
You constrict the hobgoblin, but do no damage.
You constrict the adder. The adder closely misses you. The hobgoblin hits you.
The kobold hits you with a +0 dagger. The hobgoblin hits you.
You release your grip on the hobgoblin.
You release your grip on the adder.
The adder bites you.
You are poisoned.
The adder poisons you! The hobgoblin closely misses you.
The hobgoblin attacks as it pursues you!
The hobgoblin misses you.
You feel sick. The adder bites you.
* * * LOW HITPOINT WARNING * * *
The hobgoblin attacks as it pursues you!
The hobgoblin hits you.
* * * LOW HITPOINT WARNING * * *
You feel sick. The adder attacks as it pursues you! The adder misses you.
The adder barely misses you.
You feel sick.
You closely miss the adder. Your grab misses the adder.
The adder is moderately wounded.
The adder bites you.
* * * LOW HITPOINT WARNING * * *
You hit the adder but do no damage. Your grab misses the adder.
The adder is moderately wounded.
* * * LOW HITPOINT WARNING * * *
You feel sick. The adder bites you but does no damage.
You closely miss the adder. Your grab misses the adder.
The adder is moderately wounded.
The kobold hits you with a +0 dagger.
You die...

###.##### #.##...##
###†.....#. #....<..##
##...####..# .........#
##..####...## .........#
#..#.....### .........#
##.#..##### .........#
#.>..## .........######..###
###
$.......ggS@.....#########..
.........#K................#
).......?###################
..?....... ## $.........# #.
#.......#.. #. ##)....#####
#. ###### #. #.


You could see an adder, 2 hobgoblins and a kobold.

Vanquished Creatures
  2 adders (D:2)
  3 ball pythons
  2 endoplasms (D:1)
  2 hobgoblins (D:2)
  4 jackals (D:1)
  2 kobolds (D:1)
  4 quokkas
  7 bats (D:1)
  2 frilled lizards
  3 rats
31 creatures vanquished.

Notes
Turn   | Place    | Note
-------+----------+-------------------------------------------
     0 | D:1      | SmokeWeed the Octopode Brigand began the quest for the Orb.
     0 | D:1      | Reached XP level 1. HP: 14/14 MP: 1/1
    34 | D:1      | Reached XP level 2. HP: 19/19 MP: 2/2
   306 | D:1      | Reached skill level 6 in Stealth
   504 | D:1      | Reached XP level 3. HP: 24/24 MP: 3/3
  1016 | D:2      | HP: 1/24 [poisoned by an adder]
  1017 | D:2      | Slain by a kobold

Illustrated notes

Levels and vault maps discovered:
D:1:      amcnicky_arrival_flooded_fountain, layout_basic
D:2:      layout_rooms, chequers_hall_statues_y, hangedman_glass_teeth,
          serial_park_tiny_2, hex_intersection

Skill      XL: |  1  2 |
---------------+-------+-----
Stealth        | 6 |  6.8
Fighting       | |  2.2
Short Blades   | |  2.1
Throwing       | |  2.2
Dodging        | |  1.0

Action                     || total
---------------------------++-------
  Melee: Dagger            ||    22
         Tentacles         ||     7
         Constrict         ||     8
         Short sword       ||    34
         Punch             ||     1
    Use: Scroll            ||     1
   Stab: Sleeping          ||    15
 Armour: Skin              ||    22
  Dodge: Dodged            ||    30

Table legend: (Time is in decaauts)
 A = Elapsed time spent in this place.
 B = Non-inter-level travel time spent in this place.
 C = Inter-level travel time spent in this place.
 D = Time resting spent in this place.
 E = Time spent auto-exploring this place.
 F = Levels seen in this place.
 G = Mean time per level.
                   A        B        C        D        E       F      G
               +--------+--------+--------+--------+--------+-----+--------+
         Total |   1000 |   1000 |      0 |      0 |    753 |   2 |  500.0 |
       Dungeon |   1000 |   1000 |      0 |      0 |    753 |   2 |  500.0 |
               +--------+--------+--------+--------+--------+-----+--------+

Top non-repeatable levels by time:
     D:1: 710 daAuts
     D:2: 290 daAuts
